AoeStats
← 轻拢慢念抹复挑

Arena

509586877Analyzed
4v4 RM · 5d ago on Sep 27, 2026· 44m 10s· 8 players
Game mode
Random Map
Map size
Large (8 player)
Population
200
Speed
Normal
Resources
Standard
Victory
Conquest
Starting age
Dark Age
Ending age
Imperial Age
RankedLock teamsTeams togetherTeam positionsShared explorationLock speedFull tech treeHidden civsTurbo modeCheats
Victory
Defeat
🇨🇳 Ethiopians · China
1172
+11
🇨🇳 Burgundians · China
1162
+11
🇸🇪 Saxons · Sweden
1100
+13
🇩🇪 Lithuanians · Germany
1033
+17
🇨🇳 Jurchens · China
1088
-14
🇨🇳 Magyars · China
1071
-25
🇨🇳 Franks · China
1063
-20
🇨🇳 Khmer · China
962
-33
FappingFuriously
11:21 Feudal Age
11:35 Loom
17:13 Castle Age
15:32 Horse Collar
16:46 Fletching
22:28 Bodkin Arrow
26:22 Ballistics
37:13 Imperial Age
34:39 Double-Bit Axe
36:40 Wheelbarrow
36:17 Heavy Plow
37:32 Thumb Ring
39:25 Chemistry
38:31 Bracer
40:55 Cranequins
42:44 Hand Cart
43:18 Padded Archer Armor
44:10 Conscription
43:53 Heavy Mounted Crossbowman
阿酷丶
10:52 Feudal Age
9:08 Loom
14:46 Castle Age
13:00 Double-Bit Axe
13:27 Horse Collar
15:13 Wheelbarrow
16:37 Bow Saw
16:28 Heavy Plow
16:51 Heavy Plow
25:05 Hand Cart
29:12 Imperial Age
26:48 Gold Mining
27:21 Fletching
27:31 Padded Archer Armor
27:42 Padded Archer Armor
28:04 Bodkin Arrow
28:51 Gold Shaft Mining
28:07 Stone Mining
28:52 Squires
28:38 Arson
29:34 Leather Archer Armor
29:19 Scale Mail Armor
29:45 Forging
29:55 Bracer
31:04 Two-Man Saw
30:30 Conscription
30:35 Torsion Engines
30:58 Husbandry
31:18 Halberdier
32:56 Ballistics
33:55 Chemistry
33:27 Ring Archer Armor
33:27 Onager
33:39 Crossbowman
34:35 Fortified Wall
34:20 Murder Holes
35:26 Capped Ram
36:13 Siege Onager
37:33 Stone Shaft Mining
37:09 Thumb Ring
36:25 Arbalester
42:41 Guilds
43:01 Coinage
42:31 Caravan
43:16 Spies/Treason
44:16 Royal Heirs
43:37 Elite Shotel Warrior
Esso117
10:49 Feudal Age
14:28 Castle Age
12:33 Double-Bit Axe
14:03 Horse Collar
16:07 Heavy Plow
22:02 Wheelbarrow
25:20 Hand Cart
25:37 Loom
26:32 Bow Saw
28:59 Imperial Age
26:01 Pikeman
26:55 Forging
27:11 Scale Barding Armor
27:19 Bloodlines
28:03 Caravan
28:35 Husbandry
30:03 Iron Casting
29:36 Cavalier
31:08 Chain Barding Armor
31:35 Paladin
33:33 Plate Barding Armor
34:01 Two-Man Saw
32:52 Town Watch
38:06 Scale Mail Armor
38:09 Town Patrol
38:41 Coinage
38:21 Guilds
38:37 Sanctity
38:10 Gold Mining
38:11 Stone Mining
38:56 Crop Rotation
40:52 Chain Mail Armor
40:03 Halberdier
40:44 Squires
40:29 Arson
不知天上水
9:52 Feudal Age
8:23 Double-Bit Axe
13:56 Castle Age
12:42 Horse Collar
13:35 Heavy Plow
14:22 Bow Saw
24:21 Wheelbarrow
26:31 Imperial Age
24:18 Gold Mining
24:19 Stone Mining
26:00 Two-Man Saw
26:16 Hand Cart
27:06 Gold Shaft Mining
27:09 Stone Shaft Mining
27:06 Crop Rotation
26:46 Scale Barding Armor
26:52 Forging
28:05 Chain Barding Armor
29:21 Iron Casting
28:35 Cavalier
30:36 Plate Barding Armor
30:04 Husbandry
30:14 Paladin
32:03 Chemistry
31:23 Ballistics
32:30 Blast Furnace
32:40 Padded Archer Armor
33:30 Conscription
33:18 Burgundian Vineyards
36:48 Leather Archer Armor
36:34 Scale Mail Armor
43:46 Flemish Revolution
小马哥
10:53 Feudal Age
14:53 Castle Age
14:34 Double-Bit Axe
17:39 Horse Collar
23:59 Wheelbarrow
23:50 Fletching
24:41 Heavy Plow
25:40 Hand Cart
25:11 Loom
25:24 Stone Mining
28:55 Scale Barding Armor
29:09 Bow Saw
30:58 Treadmill Crane
33:12 Gold Mining
36:58 Thumb Ring
36:14 Crossbowman
37:08 Corvinian Army
42:24 Imperial Age
子豪
9:29 Feudal Age
19:29 Castle Age
24:15 Gold Mining
28:44 Husbandry
29:28 Scale Barding Armor
30:06 Bloodlines
31:34 Tusk Swords
31:42 Double-Bit Axe
轻拢慢念抹复挑
11:19 Feudal Age
15:38 Castle Age
23:58 Double-Bit Axe
25:20 Gold Mining
31:30 Imperial Age
29:39 Wheelbarrow
28:53 Loom
30:01 Bow Saw
30:36 Gold Shaft Mining
30:58 Hand Cart
31:14 Husbandry
31:26 Scale Barding Armor
31:32 Forging
31:36 Cavalier
33:38 Chivalry
33:59 Conscription
34:09 Chain Barding Armor
34:25 Iron Casting
34:26 Paladin
阿健
10:20 Feudal Age
14:49 Castle Age
13:30 Double-Bit Axe
20:58 Bow Saw
23:18 Wheelbarrow
23:22 Horse Collar
24:28 Gold Mining
25:35 Murder Holes
25:46 Heavy Plow
26:46 Bloodlines
26:34 Treadmill Crane
31:42 Imperial Age
29:24 Husbandry
31:10 Hand Cart
32:34 Ballistics
32:26 Scale Barding Armor
32:32 Forging
31:48 Elite Steppe Lancer
33:33 Chain Barding Armor
34:39 Two-Man Saw
36:35 Gold Shaft Mining
36:40 Plate Barding Armor
37:58 Iron Casting
37:14 Fletching
37:59 Conscription
37:47 Fortified Bastions
39:38 Blast Furnace
Connection lost

Rejoining the realm…

Still unreachable

The connection could not be restored.

Session expired

The server has moved on; the page needs a fresh start.